 Dungeon Crawl Stone Soup version 0.31-a0-152-g6aa68a64a1 (webtiles) character file.

Game seed: 10333571219943860162

144 qw the Shooter (level 5, -2/49 HPs)
             Began as a Naga Hunter on June 11, 2023.
             Slain by an ice beast (14 damage)
             ... on level 4 of the Dungeon.
             The game lasted 00:00:43 (2074 turns).

qw the Shooter (Naga Hunter)                        Turns: 2074, Time: 00:00:44

Health: -2/49      AC:  4    Str: 13    XL:     5   Next: 26%
Magic:  5/5        EV:  9    Int: 10    God:
Gold:   65         SH:  0    Dex: 16    Spells: 4/4 levels left

rFire   + . .        a - +0 arbalest (heavy)
rCold   . . .        (shield currently unavailable)
rNeg    . . .        c - +0 leather armour
rPois   +            d - +0 helmet
rElec   .            (no cloak)
rCorr   .            (no gloves)
SInv    +            (no barding)
Will    .....        (no amulet)
Stlth   ++           h - ring of protection from fire
HPRegen 0.28/turn    (no ring)
MPRegen 0.09/turn

%: no passive effects
@: very slow
A: AC +1, large, see invisible, deformed body, poison resistance, slowness 2,
spit poison 1, naga tail 1
a: Spit Poison


You were on level 4 of the Dungeon.
You visited 1 branch of the dungeon, and saw 4 of its levels.

You collected 65 gold pieces.


Innate Abilities, Weirdness & Mutations

Your serpentine skin is tough. (AC +1)
You have supernaturally acute eyesight. (SInv)
Armour fits poorly on your strangely shaped body.
Your system is resistant to poisons. (rPois)
You cover ground very slowly.
You can spit poison.
You have a snake-like lower body.


   Skills:
 - Level 3.0 Fighting
 + Level 5.4 Ranged Weapons
 - Level 1.5 Dodging
 - Level 1.5 Stealth


You had 4 spell levels left.
You didn't know any spells.
Your spell library was empty.

Inventory:

Hand Weapons
 a - a +0 heavy arbalest (weapon)
Armour
 c - a +0 leather armour (worn)
 d - a +0 helmet (worn)
Jewellery
 h - a ring of protection from fire (left hand)
Scrolls
 b - a scroll of identify
Potions
 j - a potion of curing

Dungeon Overview and Level Annotations

Branches:
Dungeon (4/15)
 Temple: D:4-7

Altars:
Sif Muna


Message History

What level of the Dungeon? (default 1, ? - help)
There is a stone staircase leading down here.
You climb downwards.
Found a scroll of immolation.
There is a stone staircase leading up here.
Waypoint 3 assigned to D:4.
You open the door.
Found a stone staircase leading down.
There is an open door here.
An ice beast comes into view.
You shoot a bolt. The bolt closely misses the ice beast.
You shoot a bolt. The bolt barely misses the ice beast.
The ice beast hits you but does no damage. x2
The ice beast completely misses you.
You shoot a bolt.
The bolt hits the ice beast but does no damage.
The ice beast hits you. The ice beast freezes you! The ice beast misses you.
You shoot a bolt. The bolt closely misses the ice beast.
The ice beast hits you but does no damage. x2
The ice beast hits you. The ice beast freezes you!
You shoot a bolt. The bolt closely misses the ice beast.
The ice beast hits you. The ice beast freezes you!
The ice beast barely misses you.
You shoot a bolt. The bolt barely misses the ice beast.
The ice beast barely misses you. The ice beast closely misses you. x2
You shoot a bolt. The bolt closely misses the ice beast.
The ice beast hits you but does no damage.
The ice beast hits you. The ice beast freezes you.
You shoot a bolt.
The bolt hits the ice beast but does no damage.
The ice beast misses you. The ice beast barely misses you.
You shoot a bolt. The bolt hits the ice beast!
The ice beast is heavily wounded.
The ice beast closely misses you. The ice beast completely misses you.
The ice beast hits you but does no damage.
You shoot a bolt.
The bolt hits the ice beast but does no damage.
The ice beast is heavily wounded.
The ice beast hits you. The ice beast freezes you!
You die...

#. #.......#
#.####.......#
##+#....#.......#
........#..<.?..#
.......>#.#.....#
........#.#...###
#....'........
##...###...###
####@........
#......Y........
##..............
#......########
#......# #......#
........#
...######


You could see an ice beast.

Vanquished Creatures
  An orc priest (D:3)
  4 adders
  3 dart slugs
  7 orcs (D:3)
  4 ball pythons
  8 bats
  5 endoplasms
  4 giant cockroaches
  3 goblins
  5 hobgoblins
  7 kobolds
  A quokka (D:1)
  7 frilled lizards
  6 rats
65 creatures vanquished.

Notes
Turn   | Place    | Note
-------+----------+-------------------------------------------
     0 | D:1      | qw the Naga Hunter began the quest for the Orb.
     0 | D:1      | Reached XP level 1. HP: 19/19 MP: 1/1
     0 | D:1      | 0 ||| qw: Version: 0.2-a-29-g99eb96e
     0 | D:1      | 0 ||| qw: Game counter: 4079
     0 | D:1      | 0 ||| qw: Always use a shield: true
     0 | D:1      | 0 ||| qw: God list: Okawaru
     0 | D:1      | 0 ||| qw: Allow faded altars: false
     0 | D:1      | 0 ||| qw: Do Orc after D:15 true
     0 | D:1      | 0 ||| qw: Do second Lair branch before Depths: true
     0 | D:1      | 0 ||| qw: Lair rune preference: random
     0 | D:1      | 0 ||| qw: Plans: Normal
     0 | D:1      | 0 ||| PLANNING D:1-11
    32 | D:1      | 32 ||| INVOKING Spit Poison.
    54 | D:1      | 54 ||| INVOKING Spit Poison.
    64 | D:1      | 64 ||| INVOKING Spit Poison.
    80 | D:1      | 80 ||| INVOKING Spit Poison.
    81 | D:1      | Reached skill level 4 in Ranged Weapons
    81 | D:1      | Reached XP level 2. HP: 26/26 MP: 2/2
    96 | D:1      | 96 ||| INVOKING Spit Poison.
   138 | D:1      | 138 ||| INVOKING Spit Poison.
   155 | D:1      | 155 ||| INVOKING Spit Poison.
   247 | D:1      | 247 ||| INVOKING Spit Poison.
   248 | D:1      | Reached XP level 3. HP: 32/32 MP: 3/3
   289 | D:1      | 289 ||| INVOKING Spit Poison.
   301 | D:1      | 301 ||| INVOKING Spit Poison.
   367 | D:1      | 367 ||| INVOKING Spit Poison.
   370 | D:1      | 370 ||| INVOKING Spit Poison.
   374 | D:1      | 374 ||| INVOKING Spit Poison.
   497 | D:1      | 497 ||| READING scroll labelled DYZAUPHENE.
   498 | D:1      | 498 ||| READING scroll labelled ZUREV HOCW.
   499 | D:1      | 499 ||| READING scroll labelled KOTAQI LOSKUIR.
   499 | D:1      | Identified a scroll of acquirement
   499 | D:1      | 499 ||| ACQUIRING +0 heavy arbalest
   499 | D:1      | Acquired a +0 heavy arbalest
   501 | D:1      | 501 ||| SWAPPING to +0 heavy arbalest.
   502 | D:1      | 502 ||| DROPPING +0 shortbow.
   503 | D:1      | 503 ||| DROPPING scroll of butterflies.
   531 | D:2      | 531 ||| INVOKING Spit Poison.
   535 | D:2      | 535 ||| INVOKING Spit Poison.
   539 | D:2      | 539 ||| INVOKING Spit Poison.
   548 | D:2      | 548 ||| INVOKING Spit Poison.
   549 | D:2      | Found a shimmering blue altar of Sif Muna.
   551 | D:2      | 551 ||| INVOKING Spit Poison.
   591 | D:2      | 591 ||| INVOKING Spit Poison.
   598 | D:2      | 598 ||| INVOKING Spit Poison.
   644 | D:2      | 644 ||| INVOKING Spit Poison.
   648 | D:2      | 648 ||| INVOKING Spit Poison.
   707 | D:2      | 707 ||| INVOKING Spit Poison.
   709 | D:2      | 709 ||| INVOKING Spit Poison.
   712 | D:2      | Reached skill level 5 in Ranged Weapons
   712 | D:2      | Reached XP level 4. HP: 31/39 MP: 4/4
   757 | D:2      | 757 ||| INVOKING Spit Poison.
   807 | D:2      | 807 ||| INVOKING Spit Poison.
   839 | D:2      | 839 ||| INVOKING Spit Poison.
  1087 | D:2      | 1087 ||| INVOKING Spit Poison.
  1216 | D:2      | 1216 ||| UPGRADING to ring of protection from fire.
  1217 | D:2      | 1217 ||| READING scroll labelled MOFORATS WASH.
  1218 | D:2      | 1218 ||| READING scroll labelled HAL NELUDOFAS.
  1219 | D:2      | 1219 ||| READING scroll labelled VYGY RARHUWNOH.
  1220 | D:2      | 1220 ||| READING scroll labelled VACIHEUGAA.
  1221 | D:2      | 1221 ||| READING scroll labelled NUUTIG ZISA.
  1222 | D:2      | 1222 ||| READING 2 scrolls of identify.
  1222 | D:2      | 1222 ||| IDENTIFYING smoky yellow potion
  1223 | D:2      | 1223 ||| DROPPING potion of lignification.
  1236 | D:3      | 1236 ||| INVOKING Spit Poison.
  1329 | D:3      | 1329 ||| INVOKING Spit Poison.
  1423 | D:3      | 1423 ||| INVOKING Spit Poison.
  1517 | D:3      | 1517 ||| INVOKING Spit Poison.
  1570 | D:3      | 1570 ||| INVOKING Spit Poison.
  1606 | D:3      | 1606 ||| INVOKING Spit Poison.
  1636 | D:3      | 1636 ||| INVOKING Spit Poison.
  1663 | D:3      | 1663 ||| INVOKING Spit Poison.
  1737 | D:3      | 1737 ||| INVOKING Spit Poison.
  1757 | D:3      | 1757 ||| INVOKING Spit Poison.
  1760 | D:3      | 1760 ||| Stepping ~*~*~tactically~*~*~ (outnumbered).
  1761 | D:3      | 1761 ||| INVOKING Spit Poison.
  1762 | D:3      | Reached skill level 3 in Fighting
  1764 | D:3      | 1764 ||| INVOKING Spit Poison.
  1766 | D:3      | Reached XP level 5. HP: 22/49 MP: 5/5
  1943 | D:3      | 1943 ||| INVOKING Spit Poison.
  2025 | D:3      | 2025 ||| UPGRADING to +0 helmet.
  2030 | D:3      | 2030 ||| READING scroll labelled ARHI HEMUHUFRUIMN.
  2034 | D:3      | 2034 ||| READING scroll labelled TYASUXZOFYIS.
  2035 | D:3      | 2035 ||| DRINKING 2 golden potions.
  2036 | D:3      | 2036 ||| READING 2 scrolls of identify.
  2036 | D:3      | 2036 ||| IDENTIFYING fuming coppery potion
  2037 | D:3      | 2037 ||| DROPPING potion of degeneration.
  2064 | D:4      | Noticed an ice beast
  2074 | D:4      | HP: 12/49 [ice beast (4)]
  2074 | D:4      | Slain by an ice beast

Levels and vault maps discovered:
D:1:      mrwooster_arrival_statue_3, layout_rooms
D:2:      layout_basic, basic_altar
D:3:      layout_loops_corners
D:4:      layout_basic, uniq_grinder

Skill      XL: |  1  2  3  4 |
---------------+-------------+-----
Ranged Weapons | 4 5 |  5.4
Fighting       | 3 |  3.0
Dodging        | |  1.5
Stealth        | |  1.5

Action                     |  1- 3 |  4- 6 || total
---------------------------+-------+-------++-------
   Fire: Shortbow          |    34 |       ||    34
         Arbalest          |    19 |    37 ||    56
Ability: Spit Poison       |    24 |    17 ||    41
    Use: Scroll            |     3 |     9 ||    12
         Potion            |       |     1 ||     1
 Armour: Leather armour    |     3 |     9 ||    12
  Dodge: Dodged            |     9 |    15 ||    24

Table legend:
 A = Non-vault XP
 B = Vault XP
 C = Vault XP percentage of total XP
 D = Non-vault monster count
 E = Vault monster count
 F = Vault count percentage of total count
                 A         B        C        D         E       F
            +---------+---------+-------+---------+---------+-------
      Total |     206 |       0 |   0.0 |      65 |       0 |   0.0
            +---------+---------+-------+---------+---------+-------
        D:1 |      45 |       0 |   0.0 |      24 |       0 |   0.0
        D:2 |      66 |       0 |   0.0 |      19 |       0 |   0.0
        D:3 |      95 |       0 |   0.0 |      22 |       0 |   0.0
            +---------+---------+-------+---------+---------+-------
